 Dungeon Crawl Stone Soup version 0.19.5 (webtiles) character file.

9170 Gargoyl the Carver (level 11, -16/97 HPs)
             Began as a Ghoul Abyssal Knight on Mar 23, 2017.
             Was an Elder of Lugonu.
             Demolished by a tentacled starspawn (29 damage)
             ... on level 1 of the Abyss.
             The game lasted 00:23:27 (8393 turns).

Gargoyl the Carver (Ghoul Abyssal Knight)           Turns: 8393, Time: 00:23:27

Health: -16/97     AC: 21    Str: 17    XL:     11   Next: 42%
Magic:  11/11      EV:  5    Int:  7    God:    Lugonu [****..]
Gold:   574        SH: 11    Dex: 15    Spells: 0 memorised, 10 levels left

rFire  + . .     SeeInvis .     e - +10 long sword of Famine {drain, +Rage rElec Dex+4}
rCold  + . .     Gourm    .     Z - +0 plate armour
rNeg   + + +     Faith    .     L - +1 shield
rPois  ∞         Spirit   .     G - +0 helmet
rElec  +         Reflect  .     T - +2 cloak {MR+}
rCorr  .         Harm     .     i - +1 pair of gloves
MR     +....                    w - +0 pair of boots
Stlth  ..........               j - amulet of magic regeneration
                                (no ring)
                                d - ring of protection from fire

@: rotting
A: rotting body, claws 1, carnivore 3, cold resistance 1, negative energy
resistance 3, slow regeneration 1, torment resistance, unbreathing
a: Depart the Abyss, Bend Space, Banish, Corrupt, Renounce Religion


You were on level 1 of the Abyss.
You worshipped Lugonu.
Lugonu was greatly pleased with you.
You were not hungry.

You visited 2 branches of the dungeon, and saw 11 of its levels.
You visited the Abyss 2 times.
You also visited: Ossuary.

You collected 574 gold pieces.

Inventory:

Hand Weapons
 e - the +10 long sword of Famine (weapon) {drain, +Rage rElec Dex+4}
   (You found it on level 2 of the Abyss)

   A truly terrible weapon, it drains the life of those it strikes.
   It affects your dexterity (+4).
   It insulates you from electricity.
   It lets you go berserk.
 o - a +1 war axe of venom
 t - a +0 antimagic trident
 u - a +1 hand axe of freezing
Missiles
 X - 8 javelins (quivered)
Armour
 i - a +1 pair of gloves (worn)
 w - a +0 pair of boots (worn)
 G - a +0 helmet (worn)
 L - a +1 shield (worn)
 T - a +2 cloak of magic resistance (worn)
 Z - a +0 plate armour (worn)
Jewellery
 d - a ring of protection from fire (left hand)
 j - an amulet of magic regeneration (around neck)
 W - an uncursed ring of flight
Wands
 k - a wand of paralysis (9/24)
 A - a wand of flame (20/48)
 B - a wand of polymorph (24/24)
 I - a wand of enslavement (16/24)
 K - a wand of iceblast (3/15)
 M - a wand of iceblast (5/15)
 N - a wand of iceblast (3/15)
 R - a wand of disintegration (7/24)
 S - a wand of paralysis (20/24)
Scrolls
 a - 2 scrolls of magic mapping
 g - 3 scrolls of amnesia
 m - 2 scrolls of recharging
 n - 4 scrolls of remove curse
 y - a scroll of enchant armour
 D - 4 scrolls of teleportation
 E - 5 scrolls of identify
 H - a scroll of blinking
 Y - a scroll of fear
Potions
 b - a potion of might {unknown}
 f - a potion of cure mutation {unknown}
 h - 3 potions of brilliance {unknown}
 l - 4 potions of curing {unknown}
 p - 3 potions of invisibility {unknown}
 r - 2 potions of cancellation
 s - 3 potions of flight {unknown}
 x - 4 potions of degeneration {unknown}
 z - 3 potions of lignification {unknown}
 F - a potion of berserk rage {unknown}
 O - a potion of mutation {unknown}
 P - 2 potions of heal wounds {unknown}
 U - a potion of agility {unknown}
 V - a potion of ambrosia {unknown}
Books
 C - a book of Minor Magic

   Spells                             Type                      Level
   a - Magic Dart                     Conjuration                  1
   b - Blink                          Translocation                2
   c - Call Imp                       Summoning                    2
   d - Repel Missiles                 Charms/Air                   2
   e - Slow                           Hexes                        2
   f - Conjure Flame                  Conjuration/Fire             3
   g - Mephitic Cloud                 Conjuration/Poison/Air       3
 J - a book of Geomancy

   Spells                             Type                      Level
   a - Sandblast                      Earth                        1
   b - Passwall                       Transmutation/Earth          2
   c - Stone Arrow                    Conjuration/Earth            3
   d - Petrify                        Transmutation/Earth          4
   e - Lee's Rapid Deconstruction     Earth                        5
 Q - a book of Necromancy

   Spells                             Type                      Level
   a - Pain                           Necromancy                   1
   b - Animate Skeleton               Necromancy                   1
   c - Vampiric Draining              Necromancy                   3
   d - Regeneration                   Charms/Necromancy            3
   e - Animate Dead                   Necromancy                   4
   f - Control Undead                 Necromancy                   4
Comestibles
 c - 5 meat rations
 q - 3 beef jerkies
 v - 11 slices of pizza


   Skills:
 + Level 9.1 Fighting
 + Level 10.7 Long Blades
 + Level 1.8 Axes
 + Level 6.6 Armour
 + Level 4.2 Dodging
 + Level 1.6 Stealth
 + Level 5.3 Shields
 + Level 2.0 Invocations


You had 10 spell levels left.
You didn't know any spells.

Dungeon Overview and Level Annotations

Branches:
Dungeon (10/15)            Temple (0/1) D:6            Lair (1/6) D:10
    Orc: D:9-12

Altars:
Xom

Shops:
D:4 *

Portals:
Ice
Cave: Lair:1


Innate Abilities, Weirdness & Mutations

Your body is rotting away.
You thrive on raw meat.
You are immune to poison.
You have sharp fingernails.
You are carnivorous and can eat meat at any time.
Your flesh is cold resistant. (rC+)
You are immune to negative energy. (rN+++)
You regenerate slowly when monsters are visible.
You are immune to unholy pain and torment.
You can survive without breathing.


Message History

The ancient zyme is almost destroyed.
You block the ancient zyme's attack. The ancient zyme barely misses you.
Your shield and plate armour prevent you from hitting the ancient zyme.
The ancient zyme is almost destroyed.
The ancient zyme hits you.
* * * LOW HITPOINT WARNING * * *
You block the ancient zyme's attack.
You hit the ancient zyme but do no damage.
The ancient zyme is almost destroyed.
The ancient zyme hits you but does no damage. x2
You slash the ancient zyme!
You destroy the ancient zyme!
You start resting.
Magic restored.
A small abomination comes into view.
A tentacled starspawn comes into view.
You slash the tentacled starspawn!
The tentacled starspawn is lightly damaged.
The tentacled starspawn bites you!!
You die...

## # .#
##.###.#
##..∩..#
#._.x.@#
..#....X#
#.....#
###.###
.. #..
#.. ..


You could see a tentacled starspawn and a small abomination.

Vanquished Creatures
  An unseen horror (D:10)
  The ghost of smzp the Slicer, a novice KoCK of Xom (D:5)
  The ghost of schorsch312 the Chopper, a novice HOFi of Makhleb (Ossuary)
  Maurice (D:8)
  An ancient zyme (Abyss:1)
  A troll (D:10)
  A hornet (D:9)
  Grinder (D:6)
  A dream sheep (D:9)
  A hippogriff (D:10)
  A yak (D:7)
  3 hogs (D:7)
  A human (D:7)
  Eustachio (D:6)
  2 hungry ghosts
  A soldier ant (D:10)
  Edmund (D:6)
  Duvessa (D:4)
  An ice beast (D:8)
  3 sky beasts
  2 black bears
  3 orc warriors
  4 phantoms
  5 ogres
  2 centaurs (D:5)
  The ghost of sheala the Magician, an amateur DECj (D:3)
  A big kobold (D:8)
  A gnoll sergeant (D:9)
  2 bullfrogs (D:6)
  A wyvern skeleton (D:7)
  Dowan (D:4)
  2 water moccasin zombies (Ossuary)
  A scorpion (D:4)
  12 killer bees (D:9)
  8 wights
  A howler monkey (D:5)
  3 crimson imps
  2 hounds
  6 orc priests
  A bullfrog skeleton (D:5)
  3 centaur zombies (Ossuary)
  A gnoll shaman (D:5)
  2 jellies
  Crazy Yiuf (D:6)
  2 centaur skeletons
  2 iguanas
  10 worker ants
  6 orc wizards
  4 hound zombies (Ossuary)
  2 hound skeletons (D:5)
  11 mummies
  5 worker ant zombies
  Robin (D:4)
  8 gnolls
  9 adders
  A shadow imp (D:6)
  5 oozes
  2 adder zombies (Ossuary)
  A dart slug (D:1)
  7 leopard geckos
  39 orcs
  6 giant cockroaches
  11 goblins
  6 hobgoblins
  4 jackals (D:10)
  6 quokkas
  A ball python (D:2)
  2 bats (D:1)
  6 frilled lizards
  A giant cockroach zombie (Ossuary)
  2 jackal zombies (Ossuary)
  17 kobolds
  A leopard gecko zombie (D:7)
  A quokka zombie (Ossuary)
  6 rats
276 creatures vanquished.

Vanquished Creatures (others)
  4 dream sheep (D:9)
4 creatures vanquished.

Grand Total: 280 creatures vanquished

Notes
Turn   | Place    | Note
-------+----------+-------------------------------------------
     0 | Abyss:1  | Gargoyl the Ghoul Abyssal Knight began the quest for the Orb.
     0 | Abyss:1  | Reached XP level 1. HP: 19/19 MP: 1/1
    46 | Abyss:1  | Found a corrupted altar of Lugonu.
    90 | Abyss:1  | Noticed a tentacled starspawn
   131 | Abyss:2  | Noticed a raiju
   133 | Abyss:2  | Noticed a raiju
   139 | Abyss:2  | Got a translucent long sword
   140 | D:1      | Escaped the Abyss
   141 | D:1      | Identified the +10 long sword of Famine {drain, +Rage rElec Dex+4} (You found it on level 2 of the Abyss)
   514 | D:1      | Reached XP level 2. HP: 25/27 MP: 2/2
   871 | D:1      | Reached skill level 1 in Dodging
   929 | D:1      | Reached XP level 3. HP: 33/33 MP: 3/3
  1231 | D:2      | Reached * piety under Lugonu
  1413 | D:2      | Reached skill level 1 in Long Blades
  1597 | D:3      | Reached XP level 4. HP: 41/41 MP: 4/4
  1682 | D:3      | Noticed sheala's ghost (amateur DECj)
  1701 | D:3      | Killed sheala's ghost
  1701 | D:3      | Reached skill level 2 in Long Blades
  1701 | D:3      | Reached XP level 5. HP: 39/47 MP: 5/5
  2198 | D:4      | Found Jasos's Assorted Antiques.
  2218 | D:4      | Reached skill level 3 in Long Blades
  2218 | D:4      | Reached XP level 6. HP: 47/53 MP: 6/6
  2223 | D:4      | Reached ** piety under Lugonu
  2288 | D:4      | Noticed Duvessa
  2289 | D:4      | Noticed Dowan
  2295 | D:4      | Killed Duvessa
  2295 | D:4      | Reached skill level 1 in Shields
  2304 | D:4      | Killed Dowan
  2304 | D:4      | Reached skill level 5 in Fighting
  2359 | D:4      | Reached skill level 4 in Long Blades
  2359 | D:4      | Reached XP level 7. HP: 61/61 MP: 7/7
  2843 | D:4      | Noticed Robin
  2851 | D:4      | Killed Robin
  3024 | D:5      | Entered Level 5 of the Dungeon
  3073 | D:5      | Reached skill level 5 in Long Blades
  3073 | D:5      | Reached skill level 1 in Stealth
  3267 | D:5      | Reached *** piety under Lugonu
  3267 | D:5      | Reached XP level 8. HP: 58/69 MP: 8/8
  3324 | D:5      | Noticed smzp's ghost (novice KoCK)
  3348 | D:5      | Killed smzp's ghost
  3348 | D:5      | Reached skill level 6 in Long Blades
  3366 | D:5      | Reached skill level 7 in Long Blades
  3617 | D:5      | Reached XP level 9. HP: 74/74 MP: 9/9
  3916 | D:6      | Noticed Eustachio
  3937 | D:6      | Killed Eustachio
  4083 | D:6      | Noticed Grinder
  4120 | D:6      | Paralysed by Grinder for 2 turns
  4133 | D:6      | Killed Grinder
  4133 | D:6      | Reached skill level 8 in Long Blades
  4156 | D:6      | Found a staircase to the Ecumenical Temple.
  4171 | D:6      | Noticed Edmund
  4202 | D:6      | Killed Edmund
  4244 | D:6      | Reached skill level 5 in Armour
  4322 | D:6      | Found a runed door.
  4326 | D:6      | Noticed Crazy Yiuf
  4329 | D:6      | Killed Crazy Yiuf
  4547 | D:7      | Reached **** piety under Lugonu
  4673 | D:7      | Reached XP level 10. HP: 68/86 MP: 10/10
  4748 | D:7      | Reached skill level 9 in Long Blades
  5222 | D:8      | Found a sand-covered staircase.
  5230 | Ossuary  | Entered an ossuary
  5301 | Ossuary  | Noticed schorsch312's ghost (novice HOFi)
  5320 | Ossuary  | Killed schorsch312's ghost
  5714 | D:8      | Reached ***** piety under Lugonu
  5755 | D:8      | Reached skill level 10 in Long Blades
  6029 | D:8      | Noticed Maurice
  6045 | D:8      | Killed Maurice
  6517 | D:9      | Reached XP level 11. HP: 94/94 MP: 11/11
  7085 | D:9      | Found a shimmering altar of Xom.
  7278 | D:10     | Entered Level 10 of the Dungeon
  7424 | D:10     | Found a staircase to the Lair.
  7830 | D:10     | Reached skill level 5 in Shields
  7893 | D:10     | Killed an unseen horror
  8225 | Lair:1   | Entered Level 1 of the Lair of Beasts
  8329 | Lair:1   | Found a frozen archway.
  8390 | Abyss:1  | Noticed a tentacled starspawn
  8393 | Abyss:1  | Demolished by a tentacled starspawn

Skill      XL: |  1  2  3  4  5  6  7  8  9 10 11 |
---------------+----------------------------------+-----
Fighting       | 4 5 6 7 8 9 |  9.1
Dodging        | 1 2 3 4 |  4.2
Armour         | 2 3 4 5 6 |  6.6
Long Blades    | 1 2 3 4 5 7 8 10 | 10.7
Shields        | 1 2 3 4 5 |  5.3
Stealth        | 1 |  1.6
Axes           | |  1.8
Invocations    | |  2.0

Action                   |  1- 3 |  4- 6 |  7- 9 | 10-12 || total
-------------------------+-------+-------+-------+-------++-------
Melee: Long sword        |    59 |    49 |   237 |   427 ||   772
Invok: Depart the Abyss  |     1 |       |       |       ||     1
       Bend Space        |       |       |       |     1 ||     1
       Enter the Abyss   |       |       |       |     1 ||     1
  Use: Scroll            |     7 |     3 |     6 |     7 ||    23
       Potion            |     1 |       |       |       ||     1
 Stab: Sleeping          |     1 |       |       |       ||     1
  Eat: Chunk             |    12 |    13 |    44 |    40 ||   109
Armor: Leather armour    |    12 |       |       |       ||    12
       Chain mail        |    12 |    62 |   207 |   197 ||   478
       Plate armour      |       |       |       |    91 ||    91
Dodge: Dodged            |    35 |    28 |    90 |    96 ||   249
Block: Buckler           |     6 |    14 |    48 |       ||    68
       Shield            |       |       |    39 |   210 ||   249
       Rpst.: Long sword |     8 |     6 |    29 |    32 ||    75
